Unix NetHack Version 3.7.0-97 Work-in-progress - last build Feb 8 2024 15:05:57 (6d6cdf8371b60126770a3d7b88910941cb14a054,branch:master). Game began 2024-03-01 18:54:41, ended 2024-03-01 19:05:25. laycre, chaotic female human Priestess ---------------- ------------ ###................#####|..........| # |........<.....| #|..........| #...............| #|..........| W--------.------- #|..........| @ #|..........| + a #...........| # # -.--- #---.-------- # # |..h| ###%######## ### ## |...| # ####### # # ----.:.----# # ---|- %########################-..(=......# ##% |...-###`#####--------------# |...F..:.Z| -+-|- |...| ####.............|# |b....:...| |...| |....###### |.............# ----.hF---- |...| |...| |...........{| |.).| |...| ----- -------------- |'..| |...| ----- ----- Laycre the Acolyte St:11 Dx:11 Co:16 In:9 Wi:17 Ch:11 Chaotic Dlvl:3 $:18 HP:0(20) Pw:47(51) AC:6 Xp:3/52 T:994 Hallu Latest messages: You stop searching. You stop searching. You stop searching. You fail to cast the spell correctly. You already found a monster. Use 'm' prefix to force another search. You already found a monster. Use 'm' prefix to force another search. You are getting the munchies. What do you want to eat? [eflmn or ?*] ? It is not so easy to open this tin. You stop opening the tin. What do you want to eat? [eflmn or ?*] n It is not so easy to open this tin. You stop opening the tin. What do you want to eat? [eflmn or ?*] ? This lichen corpse is copacetic. You stop eating the lichen corpse. What do you want to eat? [eflmn or ?*] ? You resume your meal. You finish eating the lichen corpse. What do you want to eat? [efmn or ?*] ? This pancake is gnarly! You hear a soda fountain! You finish eating the pancake. You hear Neiman and Marcus arguing! You hear Ebenezer Scrooge! You miss the soldier ant. You kill the snark! You are splashed by the wererat's creamy foam! Your mace corrodes! w - an uncursed puce potion. You see here an uncursed acid blob corpse. There is an uncursed acid blob corpse here; eat it? [ynq] (n) y You have a very bad case of stomach acid. You stop eating the acid blob corpse. There is an uncursed partly eaten acid blob corpse here; eat it? [ynq] (n) y You resume your meal. You hear the chime of a cash register. You finish eating the acid blob corpse. You feel unusually limber. You hit the Grey-elf. Morgoth bites! You hit the gnome zombie. You hear a soda fountain! You miss the baby gold dragon. You no longer feel secure from petrification. What do you want to drink? [dw or ?*] d This burns like milk substitute! You die... Do you want your possessions identified? [ynq] (y) y Do you want to see your attributes? [ynq] (y) q Inventory: Coins ('$') $ - 18 gold pieces Weapons (')') u - an uncursed +0 orcish dagger a - a blessed corroded +1 mace (weapon in right hand) Armor ('[') s - an uncursed +0 orcish helm v - an uncursed +0 orcish helm (being worn) j - an uncursed +0 large shield c - an uncursed +0 small shield (being worn) t - an uncursed +0 orcish cloak b - an uncursed +0 robe (being worn) Comestibles ('%') e - an uncursed clove of garlic f - an uncursed sprig of wolfsbane n - an uncursed tin of deep fried goblin meat Spellbooks ('+') h - an uncursed spellbook of cure sickness g - an uncursed spellbook of light Potions ('!') w - an uncursed potion of blindness d - 3 potions of holy water Tools ('(') i - an uncursed magic marker (0:20) Gems/Stones ('*') p - an uncursed worthless piece of blue glass r - an uncursed worthless piece of yellowish brown glass Laycre the Priestess's attributes: Background: You were an Acolyte, a level 3 human Priestess. You were chaotic, on a mission for Huhetotl who was opposed by Quetzalcoatl (lawful) and Camaxtli (neutral). You were right-handed. You were in the Dungeons of Doom, on level 3. You entered the dungeon 994 turns ago. You had 52 experience points, 28 more were needed to attain level 4. Basics: You had 0 out of 20 hit points. You had 47 out of 51 energy points (spell power). Your armor class was 6. Your wallet contained 18 imperial credits. Autopickup was on for '$=/!?"' plus thrown, with exceptions. Final Characteristics: Your strength was 11 (limit:18/100). Your dexterity was 11 (limit:18). Your constitution was 16 (limit:18). Your intelligence was 9 (limit:18). Your wisdom was 17 (limit:18). Your charisma was 11 (limit:18). Final Status: You were hallucinating. You weren't hungry. You were unencumbered. You were wielding a mace. You had basic skill with mace. Final Attributes: You were fervently aligned. You were guarded. You are dead. Miscellaneous: You never encountered a bones level. Total elapsed playing time was 10 minutes and 44 seconds. Major events: Turn 1: laycre the chaotic human Priestess entered the dungeon 692: attained the rank of Acolyte (level 3) 994: killed by a potion of holy water Vanquished creatures: an Uruk-hai an acid blob a large kobold a giant rat 4 jackals a kobold a goblin a sewer rat 4 grid bugs 2 lichens a kobold zombie 2 newts 20 creatures vanquished. No species were genocided or became extinct. Voluntary challenges: You were an atheist. You read items or engraved 1 time. You never engraved Elbereth. You never genocided any monsters. You never polymorphed an object. You never changed form. You used no wishes. Achievement: You attained the rank of Acolyte. The Dungeons of Doom: levels 1 to 3 Level 1: A fountain. Level 2: Level 3: "vault" <- You were here. A fountain. Final resting place for you, killed by a potion of holy water. Game over: ---------- / \ / REST \ / IN \ / PEACE \ / \ | laycre | | 18 Au | | killed by a | | potion of holy | | water | | | | 2024 | *| * * * | * _________)/\\_//(\/(/\)/\//\/|_)_______ Goodbye laycre the Priestess... You died in The Dungeons of Doom on dungeon level 3 with 345 points, and 18 pieces of gold, after 994 moves. You were level 3 with a maximum of 20 hit points when you died.